[Event "*** Titled Tuesday Blitz"]
[Site "Chess.com"]
[Date "2020.04.14"]
[Round "5"]
[White "Cuchulin"]
[Black "ChocolateRoses"]
[Result "1/2-1/2"]
[WhiteElo "2108"]
[BlackElo "2282"]
[TimeControl "180+1"]
[EndTime "10:50:39 PDT"]
[Termination "Game drawn by repetition"]

1. d4 d5 2. Bf4 Nf6 3. e3 c5 4.
Nc3 a6 5. Nf3 cxd4 6. exd4 Nc6 7. Bd3 Bg4 8. Be2 e6 9. O-O Bd6 10. Bxd6 Qxd6 11. h3 Bh5 12. Na4 O-O 13. c3 Ne4 14.
Ne5 Bxe2 15. Qxe2 b5 16. Nb6 Nxe5 17. Nxa8 Ng6 18. a4 bxa4 19. Rxa4 Rxa8 20. Rfa1 Qf4 21.
Rxa6 Rxa6 22. Rxa6 h5 23. Ra8+ Nf8 24. Ra1 h4 25.
Qc2 Ng6 26. b4 Qg5 27. f3 Qe3+ 28. Kh2 Qf4+ 29. Kg1 Qe3+ 30. Kh1 Ng3+ 31. Kh2 Qf4 32. Kg1 Qe3+ 33. Kh2 Qf4 34. Kg1 Qe3+ 35. Kh2 1/2-1/2

[Event "*** Titled Tuesday Blitz"]
[Site "Chess.com"]
[Date "2020.04.14"]
[Round "5"]
[White "lelya96"]
[Black "Alex_Molchanov"]
[Result "0-1"]
[WhiteElo "2258"]
[BlackElo "2541"]
[TimeControl "180+1"]
[EndTime "10:50:41 PDT"]
[Termination "Alex_Molchanov won by resignation"]

1. e4 c6 2. d4 d5 3. exd5 cxd5 4. c4 Nf6 5. Nc3 g6 6. cxd5 Nxd5 7. Nf3 Bg7 8. Bc4 Nb6 9. Bb3 O-O 10. Be3 Nc6 11.
h3 Bf5 12. O-O Rc8 13. Rc1 Na5 14. Ne5 Nxb3 15. Qxb3 Be6 16. Qa3 a6 17. Ne4 Nc4 18. Nxc4 Bxc4 19. Rfd1 Bd5 20. Nc5 e6 21. b4 Bc6 22.
Qb3 Qh4 23. a4 Rfd8 24. b5 axb5 25. axb5 Bd5 26. Qb4 Bh6 27. Bxh6 Qxh6 28. Nd3 Qg5 29. f3 Bxf3 30. Rd2 Rxc1+ 31. Nxc1 Bxg2 32. Rxg2 Qxc1+ 33. Kh2 Qf4+ 34. Kh1 Qxd4 35. Qe7 Qd1+ 36. Kh2 Qd6+ 0-1

[Event "*** Titled Tuesday Blitz"]
[Site "Chess.com"]
[Date "2020.04.14"]
[Round "5"]
[White "Embrujada"]
[Black "MikeSailer"]
[Result "1-0"]
[WhiteElo "2331"]
[BlackElo "2110"]
[TimeControl "180+1"]
[EndTime "10:50:41 PDT"]
[Termination "Embrujada won on time"]

1. d4 d5 2. c4 Bf5 3. Nc3 e6 4. Qb3 Nc6 5. e3 Nb4 6. e4 dxe4 7. Be3 Nf6 8. O-O-O Qd7 9. a3 a5 10. axb4 axb4 11.
Nb1 Be7 12. Ne2 O-O 13. Nf4 Ra1 14. Be2 Rfa8 15. h3 Qc6 16. g4 Bg6 17. Nxg6 hxg6 18.
Kd2 R1a2 19. Rc1 Nd7 20. c5 Nf6 21. Bc4 Nd5 22. Bxd5 exd5 23. Qxb4 R8a4 24. Qb3 Bf6 25. Nc3 R4a3 26. Qxa3 Rxa3 27. bxa3 Qa6 28. Rc2 Qd3+ 29.
Kc1 Bxd4 30. Bxd4 Qxd4 31. Rd1 Qxc5 32. Rxd5 Qxa3+ 33. Kd2 c6 34. Rd8+ Kh7 35. Rd7 Qc5 36.
Nxe4 Qb4+ 37. Ke3 Qb3+ 38. Rc3 Qe6 39. Rd6 Qe5 40. Rc5 Qh2 41. Ng5+ Kh6 42. Nxf7+ Kh7 43.
Ng5+ Kh6 44. Re6 Qg1 45. Rce5 Qe1+ 46. Kf3 Qd1+ 47. Kg2 Qd4 48. Re8 1-0

[Event "*** Titled Tuesday Blitz"]
[Site "Chess.com"]
[Date "2020.04.14"]
[Round "5"]
[White "AlessiaSanteramo"]
[Black "peixe64"]
[Result "0-1"]
[WhiteElo "2057"]
[BlackElo "2309"]
[TimeControl "180+1"]
[EndTime "10:50:41 PDT"]
[Termination "peixe64 won by checkmate"]

1. e4 e5 2. Nf3 Nc6 3. Bb5 a6 4. Ba4 Nf6 5. O-O Be7 6. Re1 b5 7.
Bb3 O-O 8. d4 d6 9. c3 Bg4 10.
d5 Na5 11. Bc2 c6 12. h3 Bxf3 13. Qxf3 cxd5 14. exd5 Nc4 15. Nd2 Nb6 16. Nf1 Rc8 17. Ne3 b4 18. cxb4 Re8 19. Bd2 Nbxd5 20. Nxd5 Rxc2 21.
Bc3 Nxd5 22. Qxd5 Qb6 23. Rf1 Bh4 24. g3 Bxg3 25. Qf3 Bh4 26. Rad1 h6 27. a4 Re6 28. Qa8+ Kh7 29. Qe4+ Rg6+ 30. Kh1 Rxf2 31. Rg1 Rf4 32. Qc2 Rf3 33. Rxg6 fxg6 34. Rd3 Rf1+ 35. Kh2 Qg1# 0-1

[Event "*** Titled Tuesday Blitz"]
[Site "Chess.com"]
[Date "2020.04.14"]
[Round "5"]
[White "Casper_Schoppen"]
[Black "Firegrizzly"]
[Result "1-0"]
[WhiteElo "2987"]
[BlackElo "2585"]
[TimeControl "180+1"]
[EndTime "10:50:42 PDT"]
[Termination "Casper_Schoppen won by resignation"]

1. e4 e6 2. d4 d5 3. Nc3 Bb4 4. e5 b6 5. a3 Bf8 6. Bb5+ c6 7. Ba4 a5 8. Nce2 Ba6 9. c3 Ne7 10. Nf3 h6 11. O-O Bc4 12. Bc2 c5 13. Re1 Nec6 14.
Ng3 g6 15. h4 Nd7 16. h5 g5 17. Nh2 Qc7 18. Ng4 O-O-O 19. Be3 Kb7 20. Qf3 Ndb8 21. Qf6 Be7 22. Qxf7 Rdf8 23. Qxe6 Nd8 24. Qg6 Rfg8 25.
Qf5 Rf8 26. Nf6 Bxf6 27. exf6 Nd7 28. dxc5 bxc5 29. b4 Rxf6 30. Qg4 Ne5 31. Qd1 Ne6 32. bxc5 Rhf8 33. Rb1+ Kc8 34. Rb6 Nxc5 35. Rxf6 Rxf6 36.
Bxc5 Qxc5 37. Rxe5 Qxf2+ 38. Kh2 Rf4 39. Bf5+ Kc7 40.
Qe1 Rh4+ 41. Bh3 Qxe1 42. Rxe1 g4 43. Nf5 Rxh5 44. Ng7 Rh4 45. Kg3 gxh3 46. Kxh4 hxg2 47. Rg1 d4 48. cxd4 Kd6 49. Rxg2 1-0

[Event "*** Titled Tuesday Blitz"]
[Site "Chess.com"]
[Date "2020.04.14"]
[Round "5"]
[White "Mr_Sinigami"]
[Black "AquivaRubinstein"]
[Result "1-0"]
[WhiteElo "2582"]
[BlackElo "2389"]
[TimeControl "180+1"]
[EndTime "10:50:42 PDT"]
[Termination "Mr_Sinigami won by resignation"]

1. Nf3 Nf6 2. c4 e6 3. g3 d5 4. Bg2 c5 5. O-O Nc6 6. cxd5 exd5 7. d4 cxd4 8. Nxd4 Bc5 9. Nb3 Bb6 10. Nc3 d4 11. Na4 O-O 12. Nxb6 Qxb6 13. Bg5 Be6 14. Bxf6 gxf6 15. Bxc6 Bxb3 16. axb3 bxc6 17. Qd3 Rfe8 18. Ra4 Rab8 19. Rxd4 Qxb3 20. Qf5 Qe6 21. Qh5 Qxe2 22. Qh6 Re6 23. Rh4 Rbe8 24. Qxh7+ Kf8 25. Rb4 Qg4 26.
Rxg4 1-0

[Event "*** Titled Tuesday Blitz"]
[Site "Chess.com"]
[Date "2020.04.14"]
[Round "5"]
[White "LimeInTheCoconut"]
[Black "csati17"]
[Result "0-1"]
[WhiteElo "2348"]
[BlackElo "2536"]
[TimeControl "180+1"]
[EndTime "10:50:42 PDT"]
[Termination "csati17 won on time"]

1. Nf3 Nf6 2. d4 e6 3. g3 b6 4. Bg2 Bb7 5. O-O Be7 6. c4 O-O 7. Nc3 Ne4 8. Bd2 Nxc3 9. Bxc3 Bf6 10. Rc1 d6 11. Qd3 Nd7 12. e4 e5 13. d5 a5 14.
h4 g6 15. Bh3 Nc5 16. Qe2 Bc8 17. Bxc8 Qxc8 18. Ne1 Qh3 19. Nd3 Nxd3 20. Qxd3 Bxh4 21. Rcd1 Bg5 22. f4 exf4 23. gxf4 Qg4+ 24. Kh1 Bxf4 25. Rf2 Qh5+ 26. Kg2 Be5 27. Rh1 Qg4+ 28. Kf1 Bxc3 29. bxc3 Rae8 30. Re2 f5 31. e5 Qf4+ 32. Rf2 Qc1+ 33.
Kg2 Qg5+ 34. Kf1 Rxe5 0-1

[Event "*** Titled Tuesday Blitz"]
[Site "Chess.com"]
[Date "2020.04.14"]
[Round "5"]
[White "BrianEscalante"]
[Black "narutosmith"]
[Result "1-0"]
[WhiteElo "2503"]
[BlackElo "2201"]
[TimeControl "180+1"]
[EndTime "10:50:42 PDT"]
[Termination "BrianEscalante won by checkmate"]

1. e4 c5 2. Nf3 e6 3. d4 cxd4 4.
Nxd4 Nc6 5. Nc3 Qc7 6. g3 a6 7. Bg2 d6 8. O-O Bd7 9. Nb3 Be7 10. a4 Nf6 11. a5 O-O 12. Be3 Rac8 13. Bb6 Qb8 14. Qe2 Ne5 15. Nd2 Bc6 16. f4 Ned7 17. Bf2 e5 18. f5 Rfd8 19. g4 h6 20. h4 Nh7 21. Nc4 Ndf6 22. Nb6 Rc7 23. Be3 Nd7 24. Qf2 Ndf6 25. Bf3 Bb5 26. Rfd1 Rxc3 27. bxc3 Bc6 28.
Qg2 Nd7 29. g5 hxg5 30. hxg5 Nc5 31. f6 Bf8 32. fxg7 Bxg7 33. Nd5 Bxd5 34. Rxd5 Ne6 35. Rad1 Bf8 36. g6 Nf6 37. gxf7+ Kxf7 38. Rf1 Be7 39. Bh5+ Kf8 40. Bh6+ Ng7 41. Qxg7# 1-0

[Event "*** Titled Tuesday Blitz"]
[Site "Chess.com"]
[Date "2020.04.14"]
[Round "5"]
[White "Alexandercs432"]
[Black "Witaliss"]
[Result "0-1"]
[WhiteElo "2123"]
[BlackElo "2419"]
[TimeControl "180+1"]
[EndTime "10:50:42 PDT"]
[Termination "Witaliss won on time"]

1. e4 c6 2. d4 d5 3. e5 Bf5 4.
h4 c5 5. c3 Nc6 6. Nf3 e6 7.
Be2 Qb6 8. O-O Nge7 9. Qb3 cxd4 10. Qxb6 axb6 11. cxd4 Bxb1 12. Rxb1 Rxa2 13. Be3 h6 14. Ra1 Rxa1 15. Rxa1 Kd7 16. Ra8 g6 17. Bb5 Nf5 18. Bd2 Kc7 19. Bxc6 Kxc6 20. g4 Ne7 21. Bb4 Kd7 22.
Rb8 Nc8 23. Rxb7+ Kc6 24. Rxf7 Bxb4 25. Rf6 Kd7 26. Rxg6 Ne7 27. Rg7 Rg8 28. Rxg8 Nxg8 29.
g5 hxg5 30. hxg5 Ne7 31. Nh4 Bd2 32. Nf3 Bc1 33. b3 Kc6 34. Kf1 Kb5 35. Kg2 Kb4 36.
Kh3 Kxb3 37. Kg4 b5 38. Kh5 b4 39. g6 Nxg6 40. Kxg6 Kc3 41. Kf6 b3 42. Kxe6 b2 43.
Kxd5 b1=Q 44. e6 Qb7+ 45. Kd6 Ba3+ 46. Ke5 Qxf3 0-1

[Event "*** Titled Tuesday Blitz"]
[Site "Chess.com"]
[Date "2020.04.14"]
[Round "5"]
[White "Casablanca"]
[Black "Storne89"]
[Result "0-1"]
[WhiteElo "2355"]
[BlackElo "2612"]
[TimeControl "180+1"]
[EndTime "10:50:43 PDT"]
[Termination "Storne89 won by resignation"]

1. d4 Nf6 2. Bg5 d5 3. e3 e6 4. Bd3 Nbd7 5. Nf3 Bd6 6. Nbd2 O-O 7. c3 c5 8. O-O Qc7 9. Qe2 h6 10. Bh4 b6 11. Bg3 Bb7 12. Bxd6 Qxd6 13. Rfe1 e5 14. dxe5 Nxe5 15. Nxe5 Qxe5 16. e4 Rad8 17. Nf3 Qh5 18.
e5 Ne4 19. Rad1 Rfe8 20. Bb5 Re7 21. Qc2 Ng5 22. Nxg5 Qxg5 23. Qe2 d4 24. f3 Rd5 25. Qd2 Rdxe5 26. Qxg5 Rxe1+ 27. Rxe1 Rxe1+ 28. Kf2 hxg5 29. Kxe1 dxc3 30. bxc3 Kf8 31. Kd2 Ke7 32. Ke3 Kd6 33. Bc4 Bd5 34. Bb3 Bxb3 35. axb3 b5 36. f4 gxf4+ 37.
Kxf4 a5 38. Ke4 a4 39. bxa4 bxa4 40. Kd3 Kd5 41. c4+ Ke5 42. g3 f5 43. h3 g6 44. h4 a3 45. Kc3 a2 46. Kb2 Kd4 47.
Kxa2 Kxc4 48. Kb2 Kd3 49. Kc1 Kc3 50. Kd1 Kb2 51. Kd2 c4 52. Ke3 c3 53. Kf4 c2 54.
Kg5 c1=Q+ 55. Kxg6 f4 56. Kf5 0-1

[Event "*** Titled Tuesday Blitz"]
[Site "Chess.com"]
[Date "2020.04.14"]
[Round "5"]
[White "eightbyeightchess"]
[Black "Gabrielian_Artur"]
[Result "1-0"]
[WhiteElo "2422"]
[BlackElo "2671"]
[TimeControl "180+1"]
[EndTime "10:50:45 PDT"]
[Termination "eightbyeightchess won by resignation"]

1. e4 c5 2. Nf3 d6 3. d4 cxd4 4. Qxd4 Nc6 5. Bb5 Bd7 6. Bxc6 Bxc6 7. Nc3 Nf6 8. Bg5 e6 9. O-O-O Be7 10. Qd3 O-O 11. Nd4 Rc8 12. f4 h6 13. h4 Qa5 14. g4 Rfd8 15. Bxf6 Bxf6 16. g5 Bxd4 17. Qxd4 e5 18. Qd3 h5 19. g6 fxg6 20. Rhg1 Be8 21.
Nd5 Qxa2 22. Ne7+ Kh7 23. Nxc8 Rxc8 24. f5 Qa1+ 25. Kd2 Qxb2 26. fxg6+ Bxg6 27. Rb1 Qa2 28.
Rxb7 Qa5+ 29. Ke2 Qc5 30. Rxg6 Rc7 31. Rxc7 Qxc7 32. Rxd6 Qe7 33. Rd7 Qxh4 34. Qf3 Qh2+ 35. Qf2 Qh1 36. Qf5+ Kh6 37. Rd6+ 1-0

[Event "*** Titled Tuesday Blitz"]
[Site "Chess.com"]
[Date "2020.04.14"]
[Round "5"]
[White "Andro2"]
[Black "Saxar85"]
[Result "0-1"]
[WhiteElo "2418"]
[BlackElo "2607"]
[TimeControl "180+1"]
[EndTime "10:50:45 PDT"]
[Termination "Saxar85 won by resignation"]

1. e4 e5 2. Nf3 Nc6 3. Bc4 Bc5 4.
O-O d6 5. d3 Bg4 6. Nbd2 Qd7 7.
c3 Nge7 8. b4 Bb6 9. a4 a5 10.
b5 Nd8 11. h3 Be6 12. d4 f6 13. Qe2 O-O 14. Ba3 Ng6 15. Rfd1 Nf4 16. Qf1 Kh8 17.
Kh2 Qf7 18. Bxe6 Ndxe6 19. g3 Ng6 20. Nc4 f5 21. Nxb6 cxb6 22. Bxd6 fxe4 23. Nxe5 Nxe5 24. Bxe5 Ng5 25. Ra2 Qxa2 26. Bf4 Nf3+ 27. Kg2 Rac8 28. d5 Qc4 29. Qxc4 Rxc4 30. d6 Rd8 31. h4 Rd7 32. Rd5 Kg8 33. Rf5 Rc5 34. Rxc5 bxc5 35. Kh3 Kf7 36. Kg4 Ke6 37. h5 Ne5+ 38. Kg5 Rxd6 39. h6 g6 0-1

[Event "*** Titled Tuesday Blitz"]
[Site "Chess.com"]
[Date "2020.04.14"]
[Round "5"]
[White "GusKan67"]
[Black "kingmonkey2006"]
[Result "0-1"]
[WhiteElo "2415"]
[BlackElo "2600"]
[TimeControl "180+1"]
[EndTime "10:50:45 PDT"]
[Termination "kingmonkey2006 won by resignation"]

1. d4 Nf6 2. Nf3 e6 3. c4 d5 4. g3 Be7 5. Bg2 O-O 6. O-O c6 7. Qc2 b6 8. Rd1 Bb7 9. Nc3 Na6 10. e4 Rc8 11. e5 Nd7 12. cxd5 cxd5 13. h4 b5 14. Qd3 Nb4 15. Qe2 Re8 16. Bg5 a6 17.
Rac1 Nb6 18. b3 Nc6 19. Qe3 Qd7 20. Nh2 Rc7 21. Ng4 Rec8 22. h5 Qd8 23. Bxe7 Qxe7 24. h6 g6 25. Nf6+ Kh8 26. Bxd5 b4 27. Bxc6 Rxc6 28.
Nce4 Qc7 29. Rxc6 Qxc6 30. d5 Nxd5 31. Nxd5 exd5 32. Nd6 d4 33. Nxf7+ Kg8 0-1

[Event "*** Titled Tuesday Blitz"]
[Site "Chess.com"]
[Date "2020.04.14"]
[Round "5"]
[White "Tonychess32"]
[Black "Angel_Hranitel_37"]
[Result "1-0"]
[WhiteElo "2549"]
[BlackElo "2366"]
[TimeControl "180+1"]
[EndTime "10:50:45 PDT"]
[Termination "Tonychess32 won by checkmate"]

1. e4 c5 2. Nf3 e6 3. d4 cxd4 4.
Nxd4 Nf6 5. Nc3 Nc6 6. Be3 Bb4 7.
Bd3 d5 8. Nxc6 bxc6 9. e5 Nd7 10. Qg4 Bf8 11. f4 Qa5 12. O-O Qb4 13. Rab1 Nxe5 14. Qg3 Nxd3 15. cxd3 Ba6 16. a3 Qa5 17. b4 Qxa3 18. Bd4 Bb5 19. Rf2 Qa6 20. f5 Bxd3 21.
b5 Bxb5 22. fxe6 fxe6 23. Qg4 Qc8 24. Nxb5 cxb5 25. Rbf1 Qd7 26. Qh5+ g6 27. Qe5 Rg8 28. Rf6 O-O-O 29. Rf7 Qd6 30. Rc1+ Kb8 31. Qe2 Qa6 32. Rxa7 Qxa7 33. Bxa7+ Kxa7 34. Qxe6 Bh6 35. Rc7+ Ka8 36.
Qa6+ Kb8 37. Qb7# 1-0

[Event "*** Titled Tuesday Blitz"]
[Site "Chess.com"]
[Date "2020.04.14"]
[Round "5"]
[White "MacDaddyMac"]
[Black "GM_RobertoMogranzini"]
[Result "0-1"]
[WhiteElo "2296"]
[BlackElo "2511"]
[TimeControl "180+1"]
[EndTime "10:50:45 PDT"]
[Termination "GM_RobertoMogranzini won on time"]

1. e4 d5 2. exd5 Qxd5 3. Nc3 Qd8 4. Nge2 Nf6 5. g3 Bd7 6. Bg2 Bc6 7. O-O Bxg2 8. Kxg2 h5 9. d4 h4 10. h3 hxg3 11.
fxg3 Qd7 12. g4 Nxg4 13. hxg4 Qxg4+ 14. Ng3 Qh3+ 15. Kf3 Qd7 16. Rh1 Rxh1 17. Nxh1 Nc6 18. Ng3 O-O-O 19. Be3 f5 20. Kf2 e6 21. Qd3 Bd6 22. Nce2 Rg8 23. Rg1 g5 24. Ke1 Nb4 25. Qb3 Nd5 26. Nxf5 exf5 27. Rxg5 Re8 28. Bd2 Qe6 29. Qd3 f4 30. Rg2 Ne3 31. Bxe3 fxe3 32. Kd1 Qxa2 0-1

[Event "*** Titled Tuesday Blitz"]
[Site "Chess.com"]
[Date "2020.04.14"]
[Round "5"]
[White "cukus"]
[Black "jposthuma"]
[Result "1-0"]
[WhiteElo "2422"]
[BlackElo "2572"]
[TimeControl "180+1"]
[EndTime "10:50:46 PDT"]
[Termination "cukus won on time"]

1. e4 c6 2. d4 d5 3. Nd2 dxe4 4. Nxe4 Nf6 5. Nxf6+ gxf6 6. Nf3 Bg4 7. c3 Qc7 8.
h3 Bh5 9. Be3 Nd7 10. Bc4 Nb6 11. Bb3 O-O-O 12. Qe2 Nd5 13. O-O-O e6 14. Kb1 Bd6 15.
Ka1 f5 16. Bc1 Rhg8 17. g4 fxg4 18. Ng5 Nf4 19. Bxf4 Bxf4 20. hxg4 Bxg4 21. Qxg4 Rxg5 22. Qf3 Rg7 23. Rh4 Bg5 24. Re4 Kb8 25. Qh3 h6 26. Rf1 Rh8 27. a3 a6 28. f4 Be7 29. f5 Rg3 30. Qh5 Qa5 31. Ka2 Rg2 32. Re2 Rxe2 33. Qxe2 h5 34. fxe6 fxe6 35. Qxe6 Bd8 36. d5 cxd5 37.
Bxd5 Qb6 38. Qe5+ 1-0

[Event "*** Titled Tuesday Blitz"]
[Site "Chess.com"]
[Date "2020.04.14"]
[Round "5"]
[White "Caclox"]
[Black "chenxiaoyuer"]
[Result "0-1"]
[WhiteElo "2472"]
[BlackElo "2105"]
[TimeControl "180+1"]
[EndTime "10:50:47 PDT"]
[Termination "chenxiaoyuer won on time"]

1. e4 c5 2. Nf3 d6 3. d4 cxd4 4. Nxd4 Nf6 5. Nc3 Nc6 6. Nxc6 bxc6 7. Bd3 g6 8. O-O Bg7 9. Bg5 O-O 10. Qd2 d5 11. e5 Nd7 12. f4 Qb6+ 13. Kh1 e6 14.
Na4 Qc7 15. Be7 Re8 16. Bd6 Qb7 17. c4 Bf8 18. c5 Bxd6 19. cxd6 c5 20. b3 Qc6 21. Rac1 Bb7 22. Qe2 c4 23. Qf2 Ba6 24. Qh4 Kg7 25. Rf3 Rac8 26. Rh3 h5 27. Be2 Qb5 28. Nc3 Qb4 29. Qg5 cxb3 30. Rxh5 Rh8 31.
Rxh8 Rxh8 32. Bxa6 b2 0-1

[Event "*** Titled Tuesday Blitz"]
[Site "Chess.com"]
[Date "2020.04.14"]
[Round "5"]
[White "LordIron"]
[Black "JLRHei"]
[Result "0-1"]
[WhiteElo "2209"]
[BlackElo "2375"]
[TimeControl "180+1"]
[EndTime "10:50:47 PDT"]
[Termination "JLRHei won by resignation"]

1. d4 Nf6 2. Nf3 c5 3. d5 g6 4. c4 d6 5. Nc3 Bg7 6. e4 e6 7.
dxe6 fxe6 8. Be2 O-O 9. O-O Nc6 10. h3 Qe7 11. Be3 e5 12. Bg5 Be6 13. Nd5 Bxd5 14.
Bxf6 Rxf6 15. Qxd5+ Kh8 16. Nh2 h5 17. g4 Nd4 18. Rae1 Ne6 19. Qd3 Raf8 20. Qg3 Nf4 21. g5 R6f7 22. h4 Qe6 23. f3 Rd8 24. b3 Bf8 25.
Rf2 Be7 26. Bf1 Rdf8 27. Rd2 Bd8 28. Red1 Rd7 29. Qf2 Ba5 30. Rd5 Bc3 31. Qg3 Bd4+ 32. Kh1 Qf7 33. Bg2 Ne2 34. Qe1 Nf4 35. Qg3 a5 36.
Nf1 b6 37. Rd3 Nxd3 0-1

[Event "*** Titled Tuesday Blitz"]
[Site "Chess.com"]
[Date "2020.04.14"]
[Round "5"]
[White "MFBerna"]
[Black "terrapin33"]
[Result "1-0"]
[WhiteElo "2337"]
[BlackElo "2139"]
[TimeControl "180+1"]
[EndTime "10:50:47 PDT"]
[Termination "MFBerna won by resignation"]

1. d4 Nc6 2. Nf3 Nb8 3. e4 d6 4. h3 g6 5. Nc3 Bg7 6. Bc4 Nf6 7. O-O O-O 8. Bg5 Nxe4 9. Nxe4 d5 10. Bd3 dxe4 11. Bxe4 Nc6 12. c3 h6 13. Bh4 f5 14.
Bc2 g5 15. Nxg5 hxg5 16. Bxg5 Qd6 17. Bb3+ e6 18. Re1 Na5 19. Bc2 Bd7 20. Qh5 Rae8 21. Re3 Nc4 22. Rg3 Rf7 23. Bh6 Qe7 24. Re1 Qf6 25.
Rg6 Qe7 26. Bxg7 Rxg7 27. Bxf5 Rxg6 28. Bxg6 Rf8 29. d5 Qg7 30. dxe6 Bc6 31. Bf7+ Rxf7 32. exf7+ Kf8 33. Re8+ 1-0

[Event "*** Titled Tuesday Blitz"]
[Site "Chess.com"]
[Date "2020.04.14"]
[Round "5"]
[White "IMTominho"]
[Black "Toro1234"]
[Result "1-0"]
[WhiteElo "2843"]
[BlackElo "2624"]
[TimeControl "180+1"]
[EndTime "10:50:48 PDT"]
[Termination "IMTominho won by resignation"]

1. d4 d5 2. c4 e6 3. Nc3 c6 4.
Nf3 dxc4 5. a4 Bb4 6. g3 b5 7.
Bg2 Bb7 8. O-O a6 9. Ne5 Qc8 10. e4 Nf6 11. Bg5 Nbd7 12. Nxd7 Nxd7 13. d5 e5 14. dxc6 Bxc6 15. Nd5 Bc5 16. Bh3 Qb7 17. axb5 Bxb5 18. Qg4 h5 19. Qf3 Bc6 20. Rfd1 Bd4 21. Rac1 Bxd5 22. exd5 O-O 23. Rxc4 Rac8 24. Rc6 Rce8 25.
Qxh5 Nb6 26. Bf5 g6 27. Bxg6 fxg6 28. Rxg6+ Qg7 29. Rxg7+ Kxg7 30. Qh6+ Kg8 31. Qg6+ Kh8 32. Bf6+ Rxf6 33. Qxf6+ Kg8 34. Rxd4 1-0

[Event "*** Titled Tuesday Blitz"]
[Site "Chess.com"]
[Date "2020.04.14"]
[Round "5"]
[White "VerdeNotte"]
[Black "JulAnt"]
[Result "0-1"]
[WhiteElo "2673"]
[BlackElo "2474"]
[TimeControl "180+1"]
[EndTime "10:50:48 PDT"]
[Termination "JulAnt won by resignation"]

1. e4 c5 2. Nc3 e6 3. Nf3 d6 4. Bb5+ Nd7 5. d4 cxd4 6. Qxd4 a6 7. Bg5 Nf6 8. Bxd7+ Bxd7 9. O-O-O Be7 10. e5 dxe5 11.
Nxe5 Bc6 12. Nxc6 bxc6 13. Bxf6 Bxf6 14. Qc5 Qc7 15. Ne4 Qf4+ 16. Nd2 Rc8 17. g3 Qb8 18. Nc4 Be7 19. Nd6+ Bxd6 20. Rxd6 O-O 21. Rhd1 h6 22. a4 Rfd8 23. Rxd8+ Rxd8 24. Rxd8+ Qxd8 25. Qxc6 Qd4 26. Qa8+ Kh7 27. Qxa6 Qxf2 28. Qd3+ f5 29. b3 e5 30. a5 e4 31. Qd5 e3 32. Qc5 Qf1+ 33.
Kb2 e2 0-1

[Event "*** Titled Tuesday Blitz"]
[Site "Chess.com"]
[Date "2020.04.14"]
[Round "5"]
[White "2nd_life"]
[Black "EndgameGrinder"]
[Result "0-1"]
[WhiteElo "2423"]
[BlackElo "2688"]
[TimeControl "180+1"]
[EndTime "10:50:48 PDT"]
[Termination "EndgameGrinder won on time"]

1. e4 c5 2. Nf3 e6 3. c3 Nf6 4. e5 Nd5 5. d4 cxd4 6. cxd4 d6 7.
Bc4 Be7 8. O-O O-O 9. Qe2 b6 10. Re1 a5 11. Nc3 Nxc3 12. bxc3 d5 13. Bd3 Ba6 14.
Bxa6 Nxa6 15. a4 Nb8 16. Rb1 Nd7 17. Qd3 Rc8 18. g3 Rc4 19. Nd2 Rc6 20. Re3 f5 21. exf6 Nxf6 22. f3 Qc8 23. Kg2 Bd6 24. Bb2 Re8 25. Rbe1 Rc7 26. Qe2 Rce7 27. Qb5 Qc7 28. Nb3 h5 29. Nc1 h4 30. f4 Ne4 31.
Rxe4 dxe4 32. Rxe4 hxg3 33. hxg3 Qb7 34. Kf3 Qd5 35.
Nd3 Qxb5 36. axb5 a4 37. c4 a3 38. Ba1 Rc8 39. c5 bxc5 40. dxc5 Bxc5 41. Rc4 Rec7 42.
Be5 a2 0-1

[Event "*** Titled Tuesday Blitz"]
[Site "Chess.com"]
[Date "2020.04.14"]
[Round "5"]
[White "tgpgoat"]
[Black "PeterPantz"]
[Result "1-0"]
[WhiteElo "2109"]
[BlackElo "2237"]
[TimeControl "180+1"]
[EndTime "10:50:48 PDT"]
[Termination "tgpgoat won on time"]

1. e4 e6 2. d4 d5 3. Nd2 Nc6 4. Ngf3 Nf6 5. e5 Nd7 6. Bd3 Nb4 7. Be2 c5 8. c3 Nc6 9. Bd3 f6 10.
exf6 Qxf6 11. O-O Bd6 12. Re1 O-O 13. Nf1 e5 14. dxe5 Ndxe5 15. Nxe5 Nxe5 16. Be3 Ng4 17. Qc2 Qh4 18. h3 Nxe3 19. Nxe3 c4 20. Bf5 Qf4 21.
Bxc8 Qh2+ 22. Kf1 Raxc8 23. Qd1 Bg3 24. Qxd5+ Kh8 25. Ng4 Rxf2+ 26. Nxf2 Rf8 27. Qc5 1-0

[Event "*** Titled Tuesday Blitz"]
[Site "Chess.com"]
[Date "2020.04.14"]
[Round "5"]
[White "FCChelsea14"]
[Black "mirciulica14"]
[Result "1-0"]
[WhiteElo "2814"]
[BlackElo "2617"]
[TimeControl "180+1"]
[EndTime "10:50:49 PDT"]
[Termination "FCChelsea14 won on time"]

1. d4 Nf6 2. c4 e6 3. Nf3 Bb4+ 4. Nbd2 b6 5. g3 Bb7 6. Bg2 O-O 7. O-O Re8 8. Qc2 Bxd2 9. Bxd2 d6 10. Rfd1 Nbd7 11.
b3 Be4 12. Qc1 c6 13. Bf4 Qe7 14. Qa3 e5 15. dxe5 dxe5 16. Qxe7 Rxe7 17. Bd2 c5 18. Bc3 Rae8 19. Rd6 Nf8 20. Rad1 Bb7 21. Bh3 Ne4 22.
R6d3 Nxc3 23. Rxc3 f6 24. Rc2 Bxf3 25. exf3 Ne6 26.
Bxe6+ Rxe6 27. Rd7 R6e7 28. Rcd2 Kf7 29. Kf1 h6 30.
Ke2 Rxd7 31. Rxd7+ Re7 32. Rd8 Ke6 33. h4 Rd7 34. Rg8 Kf7 35. Ra8 Ke6 36. Ke3 f5 37. h5 Kf6 38. Rf8+ Kg5 39. Ke2 f4 40. g4 Re7 41. a4 Kh4 42. Rf5 e4 43. Rxf4 exf3+ 44. Kxf3 Rd7 45. Re4 Kg5 46. Re5+ Kh4 47. Re4 Kg5 48.
Kg3 Rd3+ 49. Re3 Rd2 50. Re6 Rd3+ 51. f3 1-0

[Event "*** Titled Tuesday Blitz"]
[Site "Chess.com"]
[Date "2020.04.14"]
[Round "5"]
[White "vovkcoach"]
[Black "druskacik"]
[Result "1-0"]
[WhiteElo "2767"]
[BlackElo "2589"]
[TimeControl "180+1"]
[EndTime "10:50:49 PDT"]
[Termination "vovkcoach won by resignation"]

1. e4 c5 2. Nf3 Nc6 3. Bb5 g6 4. Bxc6 dxc6 5. d3 Bg7 6. h3 Nf6 7. O-O Nd7 8. Re1 e5 9. a3 a5 10.
Nbd2 Qe7 11. Nc4 b5 12. Ne3 Nf8 13. a4 b4 14. Nc4 f6 15. Nb6 Rb8 16. Nxc8 Rxc8 17.
c3 Ne6 18. Be3 O-O 19. Nd2 f5 20. exf5 gxf5 21. Nc4 Qc7 22. Qb3 Kh8 23. Nxa5 Qxa5 24. Qxe6 bxc3 25. bxc3 Qxc3 26. Rac1 Qxd3 27. Bxc5 Rfe8 28.
Qf7 Qd5 29. Qxf5 e4 30. Qg4 Bb2 31. Rc2 Qb3 32. Rxb2 Qxb2 33. Rd1 Rcd8 34. Rd7 Rxd7 35. Qxd7 Qa1+ 36. Kh2 Qe5+ 37. g3 Qxc5 38. Qxe8+ Kg7 39.
Qd7+ Kf6 40. Qd2 Qd5 41. Qxd5 cxd5 42. a5 d4 43. Kg2 d3 44. Kf1 Ke5 45. a6 1-0

[Event "*** Titled Tuesday Blitz"]
[Site "Chess.com"]
[Date "2020.04.14"]
[Round "5"]
[White "pichonazo"]
[Black "maxip32"]
[Result "1-0"]
[WhiteElo "2661"]
[BlackElo "2421"]
[TimeControl "180+1"]
[EndTime "10:50:49 PDT"]
[Termination "pichonazo won on time"]

1. e4 c5 2. c3 Nf6 3. e5 Nd5 4. Nf3 Nc6 5. Bc4 Nb6 6. Bb3 d5 7. exd6 Qxd6 8. O-O e6 9. d4 cxd4 10. cxd4 Be7 11. Nc3 a6 12. Re1 O-O 13. Ne4 Qd8 14.
a3 Nd5 15. Qe2 Nf6 16. Nxf6+ Bxf6 17. Be3 b6 18. Red1 Ne7 19. Ne5 Bb7 20. Qg4 Nd5 21. Qg3 Nxe3 22. Qxe3 Bg5 23. Qe2 Rc8 24. Nxf7 Rxf7 25. Qxe6 Rc7 26. Qe5 Re7 27. Qxg5 h6 28. Bxf7+ Kxf7 29. Qf4+ Kg8 30. Re1 Qd5 31. f3 Rf7 32. Qe4 Qc4 33. Qe3 Bd5 34. Rac1 Qa2 35. Re2 1-0